 Dungeon Crawl Stone Soup version 0.18.1-8-gdd0e5ea (webtiles) character file.

322 Gagarin the Covered (level 6, -8/55 HPs)
             Began as a Minotaur Fighter on June 5, 2016.
             Mangled by a two-headed ogre
             ... wielding a +0 dire flail
              (13 damage)
             ... on level 4 of the Dungeon on June 6, 2016.
             The game lasted 00:09:14 (3047 turns).

Gagarin the Covered (Minotaur Fighter)              Turns: 3047, Time: 00:09:15

Health: -8/55      AC:  8    Str: 21    XL:     6   Next: 22%
Magic:  5/5        EV:  8    Int:  6    God:
Gold:   185        SH: 10    Dex: 10    Spells: 0 memorised, 5 levels left

rFire  . . .     SeeInvis .     a - +0 war axe
rCold  . . .     Gourm    .     b - +0 scale mail
rNeg   . . .     Faith    .     c - +0 shield
rPois  .         Spirit   .     (helmet restricted)
rElec  .         Dismiss  .     k - +0 cloak
rCorr  .         Reflect  .     (no gloves)
SustAt .         Harm     .     (no boots)
MR     .....                    (no amulet)
Stlth  ..........               (no ring)
                                (no ring)

@: not resistant to hostile enchantments, extremely unstealthy
A: retaliatory headbutt, horns 2
a: no special abilities


You were on level 4 of the Dungeon.
You were not hungry.

You visited 1 branch of the dungeon, and saw 4 of its levels.

You collected 185 gold pieces.

Inventory:

Hand Weapons
 a - a +0 war axe (weapon)
 x - a +0 hunting sling
Missiles
 g - a javelin (quivered)
 y - 19 stones
Armour
 b - a +0 scale mail (worn)
 c - a +0 shield (worn)
 k - a +0 cloak (worn)
Jewellery
 A - an uncursed ring of resist corrosion {unknown}
Scrolls
 e - 6 scrolls of identify
 i - 4 scrolls of immolation {unknown}
 j - a scroll of remove curse {unknown}
 l - 5 scrolls of enchant armour {unknown}
 o - a scroll of amnesia {unknown}
 p - a scroll of teleportation {unknown}
 r - 2 scrolls of magic mapping {unknown}
 v - a scroll of blinking {unknown}
Potions
 d - a potion of might
 h - a potion of curing {unknown}
 u - a potion of resistance {unknown}
 w - a potion of lignification {unknown}
 z - a potion of heal wounds {unknown}
Comestibles
 f - 3 bread rations
 m - a beef jerky
 q - 3 meat rations
 s - a slice of pizza
 B - a fruit


   Skills:
 + Level 4.9 Fighting
 + Level 3.9 Axes
 + Level 5.1 Armour
 + Level 2.3 Dodging
 + Level 0.5 Stealth
 + Level 5.1 Shields


You had 5 spell levels left.
You didn't know any spells.

Dungeon Overview and Level Annotations

Branches:
Dungeon (4/15)
 Temple: D:4-7

Altars:
Gozag
Nemelex Xobeh
Ru

Annotations:
D:4 F1L1N's ghost, amateur TrBe


Innate Abilities, Weirdness & Mutations

You reflexively headbutt those who attack you in melee.
You have a pair of horns on your head.


Message History

You slash the two-headed ogre!
The two-headed ogre is heavily wounded.
You block the two-headed ogre's attack. x2
You barely miss the two-headed ogre.
The two-headed ogre is heavily wounded.
The two-headed ogre hits you with a dire flail!!
The two-headed ogre hits you with a giant club!
* * * LOW HITPOINT WARNING * * *
The two-headed ogre hits you with a dire flail!
* * * LOW HITPOINT WARNING * * *
The two-headed ogre closely misses you.
Drink which item? (? for menu, Esc to quit)
Okay, then.
Throwing (i - inventory. (,) - cycle):
g - 2 javelins (quivered)
Press: ? - help, Shift-Dir - straight line, f - two-headed ogre
Aim: a two-headed ogre, wielding a dire flail and a giant club (heavily wounded)
You throw a javelin. The javelin hits the two-headed ogre!
The two-headed ogre is severely wounded.
The two-headed ogre hits you with a dire flail!
You die...

##.####.. #....#....
........#.# #......
...#......##### ###....
#.......... ..######....
#........###...........
#.........##..####....
#.........#..#####....
####.....................
##.......@O(......#....###
##.......##...<......####
##...##...##........###
#.........##........#
...###[.............####
....##..[.##...........#
...........#...###..#..#
.........#....## .#.#..#
..............# .#....#


You could see a two-headed ogre.

Vanquished Creatures
  A centaur (D:3)
  A worker ant (D:3)
  Terence (D:2)
  Robin (D:3)
  6 adders
  An ooze (D:1)
  3 worms
  2 dart slugs
  5 giant geckos
  10 orcs
  3 giant cockroaches
  11 goblins
  10 hobgoblins
  7 jackals
  2 quokkas
  A ball python (D:4)
  4 bats
  3 giant newts
  A jackal skeleton (D:3)
  5 kobolds
  A quokka skeleton (D:4)
  14 rats
93 creatures vanquished.

Notes
Turn   | Place    | Note
--------------------------------------------------------------
     0 | D:1      | Gagarin the Minotaur Fighter began the quest for the Orb.
     0 | D:1      | Reached XP level 1. HP: 19/19 MP: 0/0
    53 | D:1      | Reached XP level 2. HP: 23/27 MP: 1/1
   861 | D:1      | Reached XP level 3. HP: 33/33 MP: 2/2
  1042 | D:2      | Found a sacrificial altar of Ru.
  1421 | D:2      | Found a sparkling altar of Nemelex Xobeh.
  1421 | D:2      | Found an opulent altar of Gozag.
  1421 | D:2      | Noticed Terence
  1429 | D:2      | Killed Terence
  1429 | D:2      | Reached XP level 4. HP: 25/41 MP: 3/3
  1523 | D:2      | Reached skill level 1 in Dodging
  1641 | D:3      | Noticed Robin
  1899 | D:3      | Killed Robin
  2089 | D:3      | Reached XP level 5. HP: 43/47 MP: 4/4
  2240 | D:3      | Noticed a centaur
  2249 | D:3      | Killed a centaur
  2398 | D:3      | Reached skill level 5 in Shields
  2415 | D:3      | Reached XP level 6. HP: 50/55 MP: 5/5
  2471 | D:3      | Reached skill level 5 in Armour
  2655 | D:4      | Noticed F1L1N's ghost (amateur TrBe)
  2763 | D:4      | Noticed a two-headed ogre
  3047 | D:4      | Mangled by a two-headed ogre

Skill      XL: |  1  2  3  4  5  6 |
---------------+-------------------+-----
Fighting       | 4 |  4.9
Armour         | 4 5 |  5.1
Shields        | 4 5 |  5.1
Axes           | 3 |  3.9
Dodging        | 1 2 |  2.3
Stealth        | |  0.5

Action                   |  1- 3 |  4- 6 || total
-------------------------+-------+-------++-------
Melee: War axe           |    84 |   110 ||   194
       Headbutt          |    14 |    12 ||    26
Throw: Javelin           |       |     2 ||     2
  Use: Scroll            |       |     1 ||     1
  Eat: Chunk             |     2 |     5 ||     7
Armor: Scale mail        |    27 |    79 ||   106
Dodge: Dodged            |    13 |    52 ||    65
Block: Shield            |    49 |    87 ||   136
